 Dungeon Crawl Stone Soup version 0.30-a0-1082-g70414cbcbb (webtiles) character file.

Game seed: 4793504907546386601

63 Gynju the Shooter (level 4, 0/33 HPs)
             Began as a Formicid Hunter on Apr 15, 2023.
             Slain by a gnoll
             ... wielding a +0 halberd
              (9 damage)
             ... on level 2 of the Dungeon.
             The game lasted 00:01:58 (1378 turns).

Gynju the Shooter (Formicid Hunter)                 Turns: 1378, Time: 00:02:00

Health: 0/33       AC:  3    Str: 16    XL:     4   Next: 30%
Magic:  4/4        EV: 12    Int:  8    God:
Gold:   137        SH:  0    Dex: 19    Spells: 3/3 levels left

rFire   . . .      SeeInvis +    a - +0 shortbow
rCold   . . .      Faith    .    (no shield)
rNeg    . . .      Spirit   .    c - +0 leather armour
rPois   .          Reflect  .    (helmet unavailable)
rElec   .          Rampage  .    (no cloak)
rCorr   .                        (no gloves)
Will    .....                    (no boots)
Stlth   +++                      (no amulet)
HPRegen 0.25/turn                (no ring)
MPRegen 0.09/turn                (no ring)

@: no status effects
A: permanent stasis, dig shafts and tunnels, antennae 3, four strong arms
a: Dig, Shaft Self


You were on level 2 of the Dungeon.
You visited 1 branch of the dungeon, and saw 2 of its levels.

You collected 137 gold pieces.

Inventory:

Hand Weapons
 a - a +0 shortbow (weapon)
 e - a +3 dagger
Armour
 c - a +0 leather armour (worn)
Scrolls
 b - a scroll of immolation
 d - 4 scrolls of identify {unknown}
 f - a scroll of blinking {unknown}
 g - a scroll of poison {unknown}
Potions
 h - a potion of mutation {unknown}
 i - a potion of curing {unknown}


   Skills:
 - Level 2.1 Fighting
 + Level 4.8 Ranged Weapons
 - Level 1.7 Dodging
 + Level 3.6 Stealth


You had 3 spell levels left.
You didn't know any spells.
Your spell library contained the following spells:

 Spells                   Type           Power      Damage    Failure   Level
 Arcjolt                  Conj/Air       0%         1d10      100%        5
 Maxwell's Capacitive Co  Air            0%         ∞         100%        8
 Vhi's Electric Charge    Tloc/Air       Unusable   N/A       N/A         3

Dungeon Overview and Level Annotations

Branches:
Dungeon (2/15)

Altars:


Innate Abilities, Weirdness & Mutations

You cannot be hasted, slowed, berserked, paralysed or teleported.
You can dig through walls and to a lower floor.
You have a pair of large antennae on your head. (SInv)
Your four strong arms can wield two-handed weapons with a shield.


Message History

You open the door.
There is an open door here.
You open the door.
There is an open door here.
You sense a monster nearby.
No target in view!
A gnoll comes into view. It is wielding a +0 halberd.
You shoot an arrow. The gnoll shouts!
The arrow hits the gnoll but does no damage.
You hear a shout!
You shoot an arrow. The arrow hits the gnoll.
The gnoll is lightly wounded.
You hear an angry hiss.
A frilled lizard comes into view.
An orc comes into view. It is wielding a +0 morningstar.
You hear a shout!
You shoot an arrow. The arrow hits the gnoll!
The gnoll is severely wounded.
You shoot an arrow. The arrow hits the gnoll.
The gnoll is almost dead.
The gnoll closely misses you.
An orc comes into view. It is wielding a +0 club.
You shoot an arrow.
The arrow hits the gnoll but does no damage.
The gnoll is almost dead.
The gnoll hits you from afar with a +0 halberd!
You are too injured to fight recklessly!
There is an open door here.
As you open the door, it creaks loudly!
The gnoll hits you from afar with a +0 halberd!
There is an open door here.
Fire: a) +0 shortbow
Press: ? - help, Q - select action, (/) - cycle Shift-Dir - straight line, f/p - gnoll
Aim: a gnoll, wielding a +0 halberd (severely wounded, 68% to hit)
You shoot an arrow. The arrow barely misses the gnoll.
The gnoll hits you from afar with a +0 halberd!
* * * LOW HITPOINT WARNING * * *
The gnoll hits you from afar with a +0 halberd!
You die...

..........o'.........'.oo{....###
###.#...####.........####........
#.##.## ##.......##.........##
#.#### ##.....###.######..# #.#
##...## #.# ####..# #.# ##+## #†#
#.....# #.# ### #.#####.###.###.#
#.########.###..go...o.#{# #.#
#.........#.##@#####l#.#.###.#
#........## #..{..l...#
#.........#####.#.#####
#[..........# #.#.# #.....#.###[#
#.#.# #.....#.# .......#
#######.#######.### #..[......#
#.#########


You could see a gnoll and 2 orcs.

Vanquished Creatures
  2 adders (D:2)
  2 dart slugs (D:1)
  An orc (D:2)
  A ball python (D:2)
  2 bats (D:1)
  4 endoplasms
  3 giant cockroaches
  4 goblins (D:1)
  4 hobgoblins (D:1)
  2 jackals (D:1)
  2 quokkas (D:1)
  5 frilled lizards
  3 kobolds
  2 rats (D:1)
37 creatures vanquished.

Notes
Turn   | Place    | Note
-------+----------+-------------------------------------------
     0 | D:1      | Gynju the Formicid Hunter began the quest for the Orb.
     0 | D:1      | Reached XP level 1. HP: 16/16 MP: 1/1
    88 | D:1      | Reached XP level 2. HP: 22/22 MP: 2/2
   215 | D:1      | Reached XP level 3. HP: 27/27 MP: 3/3
  1243 | D:2      | Reached XP level 4. HP: 33/33 MP: 4/4
  1378 | D:2      | Slain by a gnoll

Illustrated notes

Levels and vault maps discovered:
D:1:      dpeg_arrival_concentric_ovals, layout_basic,
          nicolae_concentric_dashed_squares_mild,
          chequers_serial_rivers_large_b, chequers_serial_rivers_micro_d
D:2:      layout_loops_corners, chequers_serial_rivers_small_b, st_stairs_10

Skill      XL: |  1  2  3 |
---------------+----------+-----
Stealth        | 2 3 |  3.6
Fighting       | |  2.1
Ranged Weapons | |  4.8
Dodging        | |  1.7

Action                     |  1- 3 |  4- 6 || total
---------------------------+-------+-------++-------
  Melee: Dagger            |    10 |       ||    10
   Fire: Shortbow          |    68 |    13 ||    81
 Armour: Leather armour    |     6 |       ||     6
  Dodge: Dodged            |    18 |     2 ||    20

Table legend: (Time is in decaauts)
 A = Elapsed time spent in this place.
 B = Non-inter-level travel time spent in this place.
 C = Inter-level travel time spent in this place.
 D = Time resting spent in this place.
 E = Time spent auto-exploring this place.
 F = Levels seen in this place.
 G = Mean time per level.
                   A        B        C        D        E       F      G
               +--------+--------+--------+--------+--------+-----+--------+
         Total |   1431 |   1430 |      1 |      0 |   1194 |   2 |  715.5 |
       Dungeon |   1431 |   1430 |      1 |      0 |   1194 |   2 |  715.5 |
               +--------+--------+--------+--------+--------+-----+--------+

Top non-repeatable levels by time:
     D:1: 1028 daAuts
     D:2: 402 daAuts
